 Dungeon Crawl Stone Soup version 0.31-a0-180-g519b7de00c (webtiles) character file.

Game seed: 10606175261113406527

95 qw the Shooter (level 4, -1/40 HPs)
             Began as a Naga Hunter on June 20, 2023.
             Slain by an orc
             ... wielding a +0 trident
              (3 damage)
             ... on level 3 of the Dungeon.
             The game lasted 00:00:40 (1452 turns).

qw the Shooter (Naga Hunter)                        Turns: 1452, Time: 00:00:41

Health: -1/40      AC:  4    Str: 20    XL:     4   Next: 66%
Magic:  4/4        EV:  9    Int:  9    God:
Gold:   1511       SH:  0    Dex: 16    Spells: 3/3 levels left

rFire   . . .        Y - +0 shortbow
rCold   . . .        (shield currently unavailable)
rNeg    . . .        c - +0 leather armour
rPois   +            e - +0 helmet
rElec   .            (no cloak)
rCorr   .            d - +0 pair of gloves
SInv    +            (no barding)
Will    .....        (no amulet)
Stlth   ++           f - +6 ring of strength
HPRegen 0.26/turn    (no ring)
MPRegen 0.09/turn

%: no passive effects
@: short of breath, very slow
A: AC +1, large, see invisible, deformed body, poison resistance, slowness 2,
spit poison 1, naga tail 1
a: Spit Poison


You were on level 3 of the Dungeon.
You visited 1 branch of the dungeon, and saw 3 of its levels.

You collected 1511 gold pieces.


Innate Abilities, Weirdness & Mutations

Your serpentine skin is tough. (AC +1)
You have supernaturally acute eyesight. (SInv)
Armour fits poorly on your strangely shaped body.
Your system is resistant to poisons. (rPois)
You cover ground very slowly.
You can spit poison.
You have a snake-like lower body.


   Skills:
 + Level 2.9 Fighting
 - Level 5.0 Ranged Weapons
 - Level 1.5 Dodging
 - Level 1.5 Stealth


You had 3 spell levels left.
You didn't know any spells.
Your spell library was empty.

Inventory:

Hand Weapons
 Y - a +0 shortbow (weapon)
Armour
 c - a +0 leather armour (worn)
 d - a +0 pair of gloves (worn)
 e - a +0 helmet (worn)
Jewellery
 f - a +6 ring of strength (left hand)
Wands
 j - a wand of digging (3)
Scrolls
 i - 2 scrolls of identify
 k - a scroll of enchant armour {unknown}
Potions
 a - a potion of heal wounds {unknown}
 b - a potion of lignification {unknown}
 g - 2 potions of curing
 h - a potion of enlightenment {unknown}

Dungeon Overview and Level Annotations

Branches:
Dungeon (3/15)

Altars:

Shops:
D:1 (


Message History

You shoot an arrow.
The arrow hits the iguana but does no damage.
The iguana is almost dead.
The iguana bites you but does no damage.
You shoot an arrow. The arrow hits the iguana.
The iguana is almost dead.
You have got your breath back.
The iguana bites you!
1447 ||| INVOKING Spit Poison.
Aiming: Spit Poison (1% risk of failure)
Press: ? - help, Shift-Dir - straight line, f/p - iguana The splash of poison hits the iguana!
The iguana is poisoned.
You kill the iguana!
The orc hits you but does no damage.
You shoot an arrow. The arrow barely misses the orc.
The orc hits you but does no damage.
You shoot an arrow.
The arrow hits the orc but does no damage.
The orc hits you but does no damage. The orc closely misses you.
The orc hits you with a +0 dagger.
You shoot an arrow. The arrow hits the orc.
The orc is heavily wounded.
You have got your breath back.
The orc closely misses you.
The orc hits you from afar with a +0 trident.
The orc barely misses you.
1451 ||| INVOKING Spit Poison.
Aiming: Spit Poison (1% risk of failure)
Press: ? - help, Shift-Dir - straight line, f/p - orc The splash of poison hits the orc.
The orc is poisoned.
The orc is almost dead.
You kill the orc!
The orc hits you with a +0 mace.
The orc hits you from afar with a +0 trident.
You shoot an arrow. The arrow hits the orc.
The orc is heavily wounded.
The orc hits you with a +0 mace. The orc hits you but does no damage.
The orc hits you with a +0 mace.
The orc hits you from afar with a +0 trident.
You die...

#..........#
#.#...........
############
#...##......##
####..##..#....#
#....#...#..%.##
#######.##...###.#.<##
...........### #.##..##
.######.##.# ..##...#
...####.....# ..##.....
#....o@..##..##.#......
#####.).........#......
#o......##..........
.........##.##.......
..........# #####....
...###........ ####.
.## #.....#### #
.......


You could see 2 orcs.

Vanquished Creatures
  An iguana (D:3)
  A worm (D:2)
  2 dart slugs (D:1)
  4 orcs (D:3)
  4 endoplasms
  5 giant cockroaches
  7 goblins
  7 hobgoblins
  3 kobolds
  6 quokkas
  4 ball pythons
  4 bats
  A frilled lizard (D:2)
  3 rats
52 creatures vanquished.

Notes
Turn   | Place    | Note
-------+----------+-------------------------------------------
     0 | D:1      | qw the Naga Hunter began the quest for the Orb.
     0 | D:1      | Reached XP level 1. HP: 19/19 MP: 1/1
     0 | D:1      | 0 ||| qw: Version: 0.3-a-9-g12657ce
     0 | D:1      | 0 ||| qw: Game counter: 1168
     0 | D:1      | 0 ||| qw: Always use a shield: true
     0 | D:1      | 0 ||| qw: God list: Okawaru
     0 | D:1      | 0 ||| qw: Allow faded altars: false
     0 | D:1      | 0 ||| qw: Do Orc after D:15 true
     0 | D:1      | 0 ||| qw: Do second Lair branch before Depths: true
     0 | D:1      | 0 ||| qw: Lair rune preference: random
     0 | D:1      | 0 ||| qw: Plans: Normal
     0 | D:1      | 0 ||| PLANNING D:1-11
    27 | D:1      | 27 ||| INVOKING Spit Poison.
    28 | D:1      | 28 ||| FLEEEEING.
    59 | D:1      | 59 ||| INVOKING Spit Poison.
    62 | D:1      | 62 ||| INVOKING Spit Poison.
    66 | D:1      | Reached skill level 4 in Ranged Weapons
    66 | D:1      | Reached XP level 2. HP: 26/26 MP: 2/2
    67 | D:1      | 67 ||| INVOKING Spit Poison.
    75 | D:1      | 75 ||| INVOKING Spit Poison.
    81 | D:1      | Found Pioluxas's Weapon Boutique.
   111 | D:1      | 111 ||| INVOKING Spit Poison.
   117 | D:1      | 117 ||| INVOKING Spit Poison.
   143 | D:1      | 143 ||| INVOKING Spit Poison.
   158 | D:1      | Found a faded altar of an unknown god.
   232 | D:1      | 232 ||| INVOKING Spit Poison.
   266 | D:1      | 266 ||| INVOKING Spit Poison.
   287 | D:1      | 287 ||| INVOKING Spit Poison.
   290 | D:1      | Reached XP level 3. HP: 32/32 MP: 3/3
   304 | D:1      | 304 ||| INVOKING Spit Poison.
   358 | D:1      | 358 ||| INVOKING Spit Poison.
   361 | D:1      | 361 ||| INVOKING Spit Poison.
   399 | D:1      | 399 ||| INVOKING Spit Poison.
   617 | D:1      | 617 ||| UPGRADING to +0 helmet.
   622 | D:1      | 622 ||| UPGRADING to +6 ring of strength.
   623 | D:1      | 623 ||| READING scroll labelled TOWORROHAO.
   623 | D:1      | Identified a scroll of acquirement
   623 | D:1      | 623 ||| ACQUIRING 1371 gold pieces
   623 | D:1      | Acquired 1371 gold pieces
   625 | D:1      | 625 ||| READING scroll labelled WAN MIKAYSUQIE.
   626 | D:1      | 626 ||| DROPPING scroll of butterflies.
   658 | D:2      | 658 ||| INVOKING Spit Poison.
   709 | D:2      | 709 ||| INVOKING Spit Poison.
   712 | D:2      | 712 ||| INVOKING Spit Poison.
   740 | D:2      | 740 ||| INVOKING Spit Poison.
   742 | D:2      | 742 ||| Stepping ~*~*~tactically~*~*~ (outnumbered).
   785 | D:2      | 785 ||| INVOKING Spit Poison.
   793 | D:2      | 793 ||| INVOKING Spit Poison.
   794 | D:2      | 794 ||| INVOKING Spit Poison.
   798 | D:2      | 798 ||| INVOKING Spit Poison.
   841 | D:2      | 841 ||| INVOKING Spit Poison.
   849 | D:2      | 849 ||| INVOKING Spit Poison.
   926 | D:2      | 926 ||| INVOKING Spit Poison.
   957 | D:2      | 957 ||| INVOKING Spit Poison.
  1217 | D:2      | 1217 ||| UPGRADING to +0 pair of gloves.
  1222 | D:2      | 1222 ||| READING scroll labelled WINYNUIZIRPH.
  1223 | D:2      | 1223 ||| DRINKING 3 bubbling brown potions.
  1245 | D:3      | 1245 ||| INVOKING Spit Poison.
  1248 | D:3      | 1248 ||| INVOKING Spit Poison.
  1251 | D:3      | 1251 ||| INVOKING Spit Poison.
  1269 | D:3      | 1269 ||| INVOKING Spit Poison.
  1270 | D:3      | Reached skill level 5 in Ranged Weapons
  1270 | D:3      | Reached XP level 4. HP: 39/39 MP: 4/4
  1298 | D:3      | 1298 ||| INVOKING Spit Poison.
  1303 | D:3      | 1303 ||| INVOKING Spit Poison.
  1310 | D:3      | 1310 ||| INVOKING Spit Poison.
  1390 | D:3      | 1390 ||| INVOKING Spit Poison.
  1440 | D:3      | 1440 ||| INVOKING Spit Poison.
  1447 | D:3      | 1447 ||| INVOKING Spit Poison.
  1451 | D:3      | 1451 ||| INVOKING Spit Poison.
  1451 | D:3      | HP: 9/40 [orc/+0 trident (4)]
  1452 | D:3      | HP: 2/40 [orc/+0 mace (4)]
  1452 | D:3      | Slain by an orc

Levels and vault maps discovered:
D:1:      beargit_arrival_greenhouse, layout_basic,
          nicolae_ecumenical_snake_handling, serial_shops,
          nicolae_shop_back_alley_shop, minmay_misc_feat_rows
D:2:      layout_rooms, minmay_misc_feat_four_crosses, minmay_between
D:3:      layout_rooms, nicolae_overflow_quartered_altars

Skill      XL: |  1  2  3 |
---------------+----------+-----
Ranged Weapons | 4 5 |  5.0
Fighting       | |  2.9
Dodging        | |  1.5
Stealth        | |  1.5

Action                     |  1- 3 |  4- 6 || total
---------------------------+-------+-------++-------
   Fire: Shortbow          |    80 |    22 ||   102
Ability: Spit Poison       |    30 |     7 ||    37
    Use: Scroll            |     3 |       ||     3
         Potion            |     1 |       ||     1
 Armour: Leather armour    |     9 |     5 ||    14
  Dodge: Dodged            |    15 |     5 ||    20

Table legend:
 A = Non-vault XP
 B = Vault XP
 C = Vault XP percentage of total XP
 D = Non-vault monster count
 E = Vault monster count
 F = Vault count percentage of total count
                 A         B        C        D         E       F
            +---------+---------+-------+---------+---------+-------
      Total |     134 |       3 |   2.2 |      50 |       2 |   3.8
            +---------+---------+-------+---------+---------+-------
        D:1 |      43 |       1 |   2.3 |      22 |       1 |   4.3
        D:2 |      28 |       2 |   6.7 |      15 |       1 |   6.2
        D:3 |      63 |       0 |   0.0 |      13 |       0 |   0.0
            +---------+---------+-------+---------+---------+-------
